 Dungeon Crawl Stone Soup version 0.21.1-1-g345015f (webtiles) character file.

17450 diana the Carver (level 12, -1/70 HPs)
             Began as a Vine Stalker Fighter on June 14, 2018.
             Was a Priest of Ru.
             Slain by a fire elemental (8 damage)
             ... led by Azrael
             ... on level 12 of the Dungeon.
             The game lasted 00:30:15 (9000 turns).

diana the Carver (Vine Stalker Fighter)             Turns: 9000, Time: 00:30:16

Health: -1/70      AC:  9    Str: 23    XL:     12   Next: 48%
Magic:  0/13       EV:  9    Int:  6    God:    Ru [***...]
Gold:   66         SH: 10    Dex: 17    Spells: 11/11 levels left

rFire    . . .     SeeInvis .   r - +5 scimitar of Exquisite Torment {elec, rElec rPois MR+ Str-3}
rCold    + + .     Gourm    .   c - +0 shield
rNeg     . . .     Faith    .   u - +1 ring mail {rC+}
rPois    +         Spirit   +   L - +1 hat
rElec    +         Reflect  .   C - +1 cloak
rCorr    .         Harm     .   (no gloves)
MR       ++...                  (no boots)
Stlth    +.........             v - amulet of regeneration
HPRegen  1.41/turn              J - +5 ring of strength
MPRegen  0.13/turn              k - ring of protection from cold

@: no scrolls, drained
A: fangs 3, dopey 1, regeneration 2, magic shield, antimagic bite, no potion
heal 3, rot immunity, inability to read while threatened, hated by all
a: Draw Out Power, Renounce Religion


You were on level 12 of the Dungeon.
You worshipped Ru.
Ru was most pleased with you.
You were hungry.

You visited 3 branches of the dungeon, and saw 15 of its levels.

You collected 591 gold pieces.
You spent 525 gold pieces at shops.

Inventory:

Hand Weapons
 g - a +4 scimitar
 r - the +5 scimitar of Exquisite Torment (weapon) {elec, rElec rPois MR+ Str-3}
   (You bought it in a shop on level 8 of the Dungeon)

   Occasionally, upon striking a foe, it will discharge some electrical energy
   and cause terrible harm.
   It affects your strength (-3).
   It insulates you from electricity.
   It protects you from poison.
   It affects your resistance to hostile enchantments.
 M - the +12 dagger "Egg" {pierce, Stlth+, unknown}
   (You found it on level 10 of the Dungeon)

   It inflicts extra damage upon your enemies.
   It makes you more stealthy.
Missiles
 a - 5 throwing nets
 d - 7 poisoned javelins (quivered)
 t - 4 javelins of penetration
Armour
 c - a +0 shield (worn)
 u - a +1 ring mail of cold resistance (worn)
 C - a +1 cloak (worn)
 L - a +1 hat (worn)
Jewellery
 k - a ring of protection from cold (right hand)
 v - an amulet of regeneration (around neck)
 w - an uncursed amulet of the gourmand
 x - an uncursed ring of wizardry
 J - a +5 ring of strength (left hand)
Wands
 y - a wand of random effects (77)
 A - a wand of polymorph (24)
 D - a wand of enslavement (18)
 G - a wand of paralysis (9)
Scrolls
 h - 6 scrolls of remove curse
 i - 3 scrolls of fog
 l - 6 scrolls of teleportation
 q - 5 scrolls of amnesia
 s - a scroll of enchant armour
 z - a scroll of enchant weapon
 F - 2 scrolls of blinking
 H - a scroll of magic mapping
Potions
 e - 8 potions of curing
 j - a potion of berserk rage {unknown}
 m - 3 potions of agility
 n - 4 potions of brilliance
 o - 2 potions of lignification
 p - a potion of haste
Miscellaneous
 K - a phantom mirror
Comestibles
 f - 19 rations


   Skills:
 + Level 11.0(10.5) Fighting
 - Level 14.0(13.5) Long Blades
 + Level 3.7(3.3) Armour
 * Level 2.0(1.7) Dodging
 + Level 1.4(1.0) Stealth
 + Level 3.3(2.9) Shields


You had 11 spell levels left.
You didn't know any spells.

Dungeon Overview and Level Annotations

Branches:
Dungeon (12/15)            Temple (1/1) D:6            Lair (0/6) D:9
    Orc (2/2) D:9
    Elf: Orc:2

Altars:
Ashenzari
Cheibriados
Dithmenos
Elyvilon
Fedhas
Gozag
Hepliaklqana
Kikubaaqudgha
Makhleb
Nemelex Xobeh
Okawaru
Qazlal
Ru
Sif Muna
Trog
Uskayaw
Vehumet
Wu Jian
Xom
Yredelemnul
Zin
The Shining One

Shops:
D:5 ?   D:8 (


Innate Abilities, Weirdness & Mutations

You have razor-sharp teeth.
You are dopey. (Int -2)
You heal very quickly.
When hurt, damage is shared between your health and your magic reserves.
Your bite disrupts and absorbs the magic of your enemies.
Potions cannot restore your health.
You are immune to rotting.
You cannot read scrolls while threatened.
You are hated by all.


Message History

The hell hound breathes flames at you.
The blast of flame hits the fire elemental.
The fire elemental completely resists.
The blast of flame hits you!
* * * LOW HITPOINT WARNING * * *
You block the fire elemental's attack. The fire elemental hits you.
The fire elemental burns you!
* * * LOW HITPOINT WARNING * * *
Okay, then.
You cannot read scrolls in your current state!
The troll is engulfed in blazing flames.
The hell hound closely misses you. You block the fire elemental's attack.
The hell hound bites you!
* * * LOW HITPOINT WARNING * * *
Okay, then.
You slash the hell hound!
Lightning courses through the hell hound!
You kill the hell hound!
Your base Fighting skill increases to level 11!
The fire elemental hits you. The fire elemental burns you!
You die...

#.....#............ .
#.....#...§§.....## .
#.....###T##.....# .
#........§.#.....# .
####.......§..#.....# .
...########E§.#.....# .
..........#h§§#.....# .
..........#E.§#.....# .
..........#@E.'.....# .
..........#####.....# .
....................# .
....................# .
........))..........# .
...####'##..........# .
####.....#..........#### ##.
.........#..........#...#...
.........######.....#...#...


You could see a troll, 3 fire elementals and a hell hound.

Vanquished Creatures
  Harold (D:12)
  A two-headed ogre (D:8)
  The ghost of kae the Insei, a novice DsTm of Makhleb (D:9)
  Urug (D:12)
  2 unseen horrors (D:12)
  10 deep elf magi (D:11)
  A cyclops (D:11)
  A kobold demonologist (D:11)
  A queen bee (D:9)
  3 trolls
  A hornet (D:10)
  A hippogriff (D:11)
  Grinder (D:3)
  3 wyverns
  4 yaks (D:9)
  A water elemental (D:11)
  A basilisk (D:11)
  2 humans (D:10)
  Menkaure (D:5)
  The ghost of n0claF the Caller, an amateur DESu of Sif Muna (D:5)
  4 hell hounds
  2 sky beasts
  3 orc warriors
  2 phantoms
  A black bear (D:9)
  An ice beast (D:8)
  10 ogres
  4 centaurs
  6 big kobolds
  5 bullfrogs
  2 gnoll sergeants (D:9)
  A scorpion (D:5)
  18 killer bees
  8 wights
  3 howler monkeys
  4 electric eels (D:11)
  2 centaur zombies
  9 crimson imps
  2 bullfrog zombies
  An orc priest (D:5)
  3 orc wizards
  A jelly (D:12)
  A quasit (D:6)
  Crazy Yiuf (D:5)
  4 bullfrog skeletons
  4 hounds
  Jessica (D:3)
  2 iguanas
  7 worker ants
  5 gnolls (D:9)
  A howler monkey skeleton (D:10)
  7 adders
  2 shadow imps
  An adder skeleton (D:10)
  3 worms
  2 dart slugs
  3 leopard geckos
  31 orcs
  2 giant cockroaches
  6 goblins
  6 hobgoblins
  2 jackals (D:5)
  9 kobolds
  3 quokkas
  10 bats
  9 frilled lizards
  A quokka zombie (D:8)
  12 rats
265 creatures vanquished.

Notes
Turn   | Place    | Note
-------+----------+-------------------------------------------
     0 | D:1      | diana the Vine Stalker Fighter began the quest for the Orb.
     0 | D:1      | Reached XP level 1. HP: 11/11 MP: 2/2
    88 | D:1      | Reached skill level 2 in Long Blades
   112 | D:1      | Reached XP level 2. HP: 16/16 MP: 3/3
   828 | D:2      | Reached XP level 3. HP: 16/20 MP: 4/4
   993 | D:2      | Reached skill level 3 in Long Blades
  1298 | D:3      | Noticed Jessica
  1302 | D:3      | Noticed Grinder
  1305 | D:3      | Killed Jessica
  1305 | D:3      | Gained mutation: Your natural rate of healing is unusually fast. [Vine Stalker growth]
  1305 | D:3      | Reached XP level 4. HP: 17/24 MP: 3/5
  1379 | D:3      | Killed Grinder
  1379 | D:3      | Reached skill level 4 in Long Blades
  1379 | D:3      | Reached XP level 5. HP: 19/29 MP: 4/6
  1379 | D:3      | Reached XP level 6. HP: 22/33 MP: 4/7
  1507 | D:3      | Reached skill level 5 in Long Blades
  1964 | D:4      | Reached XP level 7. HP: 37/38 MP: 8/8
  2018 | D:4      | Found a sparkling altar of Nemelex Xobeh.
  2212 | D:4      | Reached skill level 6 in Long Blades
  2302 | D:5      | Entered Level 5 of the Dungeon
  2304 | D:5      | Reached skill level 5 in Fighting
  2332 | D:4      | Gained mutation: You have razor-sharp teeth. [Vine Stalker growth]
  2332 | D:4      | Reached XP level 8. HP: 33/43 MP: 6/9
  2372 | D:5      | Noticed Menkaure
  2427 | D:5      | Killed Menkaure
  2427 | D:5      | Reached skill level 7 in Long Blades
  2541 | D:5      | Found a runed door.
  2608 | D:5      | Found a shadowy altar of Dithmenos.
  2665 | D:5      | Found Cihui's Magic Scroll Emporium.
  2680 | D:5      | Reached skill level 8 in Long Blades
  2857 | D:5      | Noticed Crazy Yiuf
  2859 | D:5      | Killed Crazy Yiuf
  2891 | D:5      | Noticed n0claF's ghost (amateur DESu)
  2895 | D:5      | Killed n0claF's ghost
  3005 | D:6      | Found a deep blue altar of Sif Muna.
  3187 | D:6      | Reached XP level 9. HP: 49/49 MP: 10/10
  3227 | D:6      | Found a staircase to the Ecumenical Temple.
  3277 | Temple   | Entered the Ecumenical Temple
  3419 | Temple   | Became a worshipper of Ru the Awakened
  4032 | D:7      | Reached skill level 9 in Long Blades
  4175 | D:7      | Found a shattered altar of Ashenzari.
  4239 | D:8      | Found Zompul's Weapon Shoppe.
  4324 | D:8      | Noticed a two-headed ogre
  4660 | D:9      | Reached skill level 10 in Long Blades
  4668 | D:9      | Gained mutation: You are dopey. (Int -2) [Ru sacrifice]
  4895 | D:9      | Found a staircase to the Orcish Mines.
  4895 | D:9      | Noticed a troll
  4898 | D:9      | Reached XP level 10. HP: 56/56 MP: 11/11
  4969 | D:9      | Reached skill level 11 in Long Blades
  5057 | D:9      | Found a staircase to the Lair.
  5158 | D:9      | Noticed kae's ghost (novice DsTm)
  5188 | D:9      | Killed kae's ghost
  5228 | D:9      | Found a white marble altar of Elyvilon.
  5558 | D:9      | Reached skill level 12 in Long Blades
  5844 | D:8      | Killed a two-headed ogre
  5844 | D:8      | Reached XP level 11. HP: 38/62 MP: 6/12
  6108 | D:10     | Entered Level 10 of the Dungeon
  6275 | D:10     | Got a brightly glowing dagger
  6333 | D:10     | Found a bloodstained altar of Trog.
  6469 | D:10     | Gained mutation: You cannot read scrolls while threatened. [Ru sacrifice]
  6469 | D:10     | Reached * piety under Ru
  6934 | D:10     | Found an iron altar of Okawaru.
  7297 | D:11     | Noticed a deep elf mage
  7298 | D:11     | Noticed a deep elf mage
  7344 | D:11     | Killed a deep elf mage
  7345 | D:11     | Noticed a deep elf mage
  7351 | D:11     | Noticed a deep elf mage
  7356 | D:11     | Noticed a deep elf mage
  7356 | D:11     | Killed a deep elf mage
  7356 | D:11     | Reached skill level 13 in Long Blades
  7439 | D:11     | Killed a deep elf mage
  7443 | D:11     | Killed a deep elf mage
  7443 | D:11     | Reached skill level 10 in Fighting
  7448 | D:11     | Killed a deep elf mage
  7452 | D:11     | Noticed a deep elf mage
  7542 | D:11     | Killed a deep elf mage
  7564 | D:11     | Noticed a deep elf mage
  7586 | D:11     | Killed a deep elf mage
  7602 | D:11     | Noticed a cyclops
  7624 | D:11     | Noticed a deep elf mage
  7714 | D:11     | Killed a cyclops
  7989 | Orc:1    | Entered Level 1 of the Orcish Mines
  8150 | Orc:2    | Entered Level 2 of the Orcish Mines
  8150 | Orc:2    | Noticed an orc high priest
  8150 | Orc:2    | Noticed a cyclops
  8152 | Orc:2    | Noticed a sun demon
  8152 | Orc:2    | Noticed a soul eater
  8210 | D:8      | Bought the +5 scimitar of Exquisite Torment {elec, rElec rPois MR+ Str-3} for 525 gold pieces
  8308 | D:11     | Killed a deep elf mage
  8308 | D:11     | Gained mutation: You heal very quickly. [Vine Stalker growth]
  8308 | D:11     | Reached XP level 12. HP: 54/68 MP: 9/13
  8483 | D:11     | Reached skill level 14 in Long Blades
  8688 | D:12     | Reached skill level 1 in Dodging
  8689 | D:12     | Noticed Harold
  8706 | D:12     | Killed Harold
  8706 | D:12     | Reached skill level 1 in Stealth
  8740 | D:12     | Noticed Urug
  8757 | D:12     | Killed Urug
  8879 | D:12     | Gained mutation: You are hated by all. [Ru sacrifice]
  8879 | D:12     | Reached ** piety under Ru
  8879 | D:12     | Reached *** piety under Ru
  9000 | D:12     | Slain by a fire elemental

Skill      XL: |  1  2  3  4  5  6  7  8  9 10 11 12 |
---------------+-------------------------------------+-----
Long Blades    | 2 3 4 5 6 8 10 12 13 14 | 14.0
Fighting       | 3 4 5 6 7 9 10 11 | 11.0
Dodging        | 2 |  2.0
Armour         | 3 |  3.7
Stealth        | 1 |  1.4
Shields        | 3 |  3.3

Action                   |  1- 3 |  4- 6 |  7- 9 | 10-12 || total
-------------------------+-------+-------+-------+-------++-------
Melee: Long sword        |    97 |    41 |       |       ||   138
       Bite              |    19 |    26 |    73 |   171 ||   289
       Great sword       |       |    33 |   170 |   131 ||   334
       Scimitar          |       |       |       |   304 ||   304
Throw: Javelin           |       |       |     4 |       ||     4
Invok: Sacrifice Purity  |       |       |     1 |       ||     1
       Sacrifice Words   |       |       |       |     1 ||     1
       Sacrifice Love    |       |       |       |     1 ||     1
  Use: Potion            |       |     1 |     5 |     4 ||    10
       Scroll            |       |     1 |       |    13 ||    14
 Stab: Distracted        |       |       |       |     1 ||     1
  Eat: Chunk             |     1 |     3 |     9 |    10 ||    23
       Ration            |       |       |       |     1 ||     1
Armor: Scale mail        |    47 |    34 |   107 |   120 ||   308
       Ring mail         |       |       |       |    22 ||    22
Dodge: Dodged            |    34 |    36 |   102 |   143 ||   315
Block: Shield            |    58 |    16 |       |   134 ||   208
       Rpst.: Long sword |     9 |     1 |       |       ||    10
       Great sword       |       |    11 |    26 |    19 ||    56
       Scimitar          |       |       |       |    22 ||    22
